Map: Ley Lines

Players

LewisKiniski

  • Race: Protoss Protoss
  • League: Master
  • Spawn Location: 7:00

A.I. 1 (Very Easy) - Winner!

  • Race: Terran Terran
  • Spawn Location: 1:00

VOD

Have the link to the VOD?

Description

Time

  • Played on: Feb. 19, 2025, 1:58 a.m.
  • Length: 9:44
Show
View Real Time Build Order
Export as new Build Order

LewisKiniski Protoss 

Build Orders: 1 Gate Expand, Double Forge, Phoenix Opening, Blink Stalkers, Colossus Rush 

Get SALT Encoding   

  12  0:00  Probe  
  13  0:12  Probe  
  14  0:16  Pylon  
  14  0:23  Probe  
  15  0:31  Probe  
  16  0:36  Gateway  
  16  0:39  Probe  
  16  0:46  Assimilator  
  17  0:51  Probe  
  18  1:03  Probe  
  19  1:19  Nexus  
  19  1:29  Cybernetics Core  
  19  1:35  Probe  
  20  1:41  Assimilator  
  20  1:47  Pylon, Probe  
  20  1:53  Stalker  
  21  1:58  Probe  
  22  2:06  Probe, Warp Gate  
  24  2:15  Probe  
  25  2:22  Sentry  
  26  2:24  Phoenix  
  26  2:25  Probe  
  29  2:32  Probe  
  30  2:38  Probe  
  30  2:42  Twilight Council  
  30  2:44  Probe  
  32  2:46  Blink  
  32  2:50  Stalker, Probe  
  33  2:56  Probe  
  36  2:58  Gateway  
  36  3:02  Probe  
  37  3:05  Gateway  
  37  3:10  Probe  
  38  3:14  Probe  
  39  3:22  Probe  
  39  3:26  Probe  
  41  3:28  Pylon  
  41  3:34  Probe  
  41  3:38  Probe  
  41  3:39  Robotics Facility  
  43  3:46  Probe  
  44  3:52  Nexus  
  44  3:56  Pylon  
  44  4:04  Stalker x2  
  44  4:08  Stalker  
  50  4:14  Assimilator  
  50  4:16  Probe  
  51  4:19  Assimilator  
  51  4:22  Probe  
  52  4:26  Observer  
  52  4:29  Probe  
  54  4:34  Shield Battery, Probe, Pylon  
  55  4:41  Probe  
  56  4:46  Robotics Bay, Probe  
  56  4:47  Forge  
  56  4:50  Forge  
  57  4:53  Protoss Ground Weapons Level 1, Probe  
  57  4:58  Sentry, Probe  
  61  5:00  Stalker  
  61  5:03  Protoss Ground Armor Level 1  
  61  5:05  Stalker, Probe  
  66  5:08  Probe  
  66  5:10  Probe  
  68  5:17  Probe  
  68  5:20  Probe  
  70  5:22  Probe  
  71  5:29  Probe  
  71  5:30  Pylon  
  71  5:32  Probe  
  71  5:35  Probe  
  74  5:40  Colossus  
  74  5:41  Probe  
  81  5:44  Probe  
  81  5:47  Probe  
  83  5:50  Pylon  
  83  5:53  Probe  
  83  5:57  Probe  
  85  5:59  Probe  
  85  6:01  Gateway  
  85  6:03  Gateway  
  86  6:04  Gateway  
  86  6:05  Probe  
  86  6:06  Extended Thermal Lance  
  86  6:09  Probe  
  86  6:11  Probe  
  89  6:17  Gateway x2  
  89  6:21  Gateway  
  89  6:22  Shield Battery  
  89  6:24  Gateway  
  89  6:25  Probe x2  
  91  6:26  Probe  
  91  6:29  Nexus  
  91  6:30  Colossus  
  92  6:33  Pylon  
  92  6:36  Charge  
  92  6:37  Probe x2  
  94  6:40  Assimilator  
  94  6:44  Assimilator  
  94  6:46  Protoss Ground Weapons Level 2  
  99  6:49  Protoss Ground Armor Level 2  
  99  6:50  Probe x2  
  99  6:51  Probe  
  102  7:03  Probe  
  102  7:04  Probe x2  
  102  7:07  Stalker x2  
  109  7:23  Pylon  
  109  7:25  Pylon  
  109  7:26  Pylon  
  109  7:36  Colossus  
  109  7:40  Pylon, Probe x3  
  109  7:43  Zealot x8  
  134  7:44  Shield Battery  
  134  7:46  Probe  
  135  7:52  Templar Archives, Probe x3  
  135  7:58  Probe  
  139  8:05  Probe  
  140  8:06  Stalker x6  
  140  8:07  Zealot x2  
  156  8:15  Nexus  
  156  8:19  Pylon  
  156  8:22  Pylon  
  156  8:27  Assimilator  
  156  8:30  Assimilator, Pylon  
  156  8:32  Pylon  
  156  8:37  Gateway, Probe x2  
  156  8:38  Gateway  
  158  8:43  Gateway x2  
  158  8:45  Warp Prism  
  160  8:49  High Templar x5  
  170  9:04  Shield Battery  
  170  9:10  Zealot x3  
  176  9:23  Robotics Facility  
  176  9:25  Zealot  
  176  9:26  Zealot x4  
  186  9:31  Zealot x4  
  186  9:32  Zealot  
  186  9:38  Zealot x2  
Show
View Real Time Build Order
Export as new Build Order

A.I. 1 (Very Easy) Terran - Winner!

Build Orders: Reaper Expand 

Get SALT Encoding   

  12  0:00  SCV  
  13  0:13  SCV  
  14  0:19  Supply Depot  
  14  0:43  Barracks  
  14  1:03  Command Center  
  14  1:30  Supply Depot, Orbital Command  
  14  1:31  Marine  
  15  1:37  Refinery  
  15  1:48  Refinery  
  15  1:56  SCV  
  16  2:08  SCV  
  17  2:17  Reaper  
  17  2:20  SCV  
  17  2:21  SCV  
  20  2:32  SCV  
  20  2:36  SCV  
  22  2:44  SCV  
  22  2:50  Refinery  
  22  2:51  SCV  
  24  2:58  SCV  
  25  3:02  Marine  
  25  3:05  SCV  
  27  3:12  SCV  
  28  3:19  Factory  
  28  3:20  SCV  
  29  3:44  Refinery  
  29  3:45  SCV  
  29  3:47  Marine  
  31  3:52  SCV  
  32  3:59  Supply Depot, SCV  
  33  4:05  Starport  
  33  4:06  SCV  
  33  4:07  Barracks Tech Lab  
  34  4:14  SCV  
  35  4:21  SCV  
  36  4:28  SCV  
  36  4:31  Supply Depot  
  37  4:33  Marauder  
  37  4:35  SCV  
  40  4:42  SCV, Starport Tech Lab  
  41  4:49  SCV  
  42  4:56  SCV  
  43  5:01  Raven  
  43  5:04  SCV  
  46  5:11  SCV  
  47  5:18  SCV, Marauder  
  50  5:35  Raven  
  52  6:02  Marine  
  53  6:47  Marine  
  54  7:48  SCV  
Tags
 
Add a new tag
Caveats
  • Supply blocks, unpowered buildings, or Contaminate may cause inaccurate times.
  • Supply counts are checked every 10 seconds.